 Dungeon Crawl Stone Soup version 0.23-b1-84-g6588a6b (webtiles) character file.

Game seed: 4186730152190604406

95 DarkinPup the Ducker (level 4, 28/28 HPs)
             Began as a Tengu Gladiator on Feb 9, 2019.
             Quit the game on level 2 of the Dungeon.
             The game lasted 00:01:11 (1536 turns).

DarkinPup the Ducker (Tengu Gladiator)              Turns: 1536, Time: 00:01:11

Health: 28/28      AC:  3    Str: 14    XL:     4   Next: 65%
Magic:  5/5        EV: 14    Int:  8    God:
Gold:   148        SH:  0    Dex: 17    Spells: 3/3 levels left

rFire    . . .     SeeInvis .   a - +0 long sword
rCold    . . .     Gourm    .   (no shield)
rNeg     . . .     Faith    .   b - +0 leather armour
rPois    .         Spirit   .   c - +0 hat
rElec    .         Reflect  .   (no cloak)
rCorr    .         Harm     .   (no gloves)
MR       .....                  (boots unavailable)
Stlth    +.........             (no amulet)
HPRegen  0.09/turn              (no ring)
MPRegen  0.09/turn              (no ring)

@: no status effects
A: beak, talons 3
a: no special abilities


You were on level 2 of the Dungeon.
You were hungry.

You visited 1 branch of the dungeon, and saw 2 of its levels.

You collected 148 gold pieces.

Inventory:

Hand Weapons
 a - a +0 long sword (weapon)
Missiles
 d - 3 throwing nets (quivered)
Armour
 b - a +0 leather armour (worn)
 c - a +0 hat (worn)
Scrolls
 e - a scroll of blinking {unknown}
 g - a scroll of remove curse {unknown}
 h - a scroll of immolation {unknown}
 k - a scroll of amnesia {unknown}
 l - a scroll of identify {unknown}
 o - a scroll of teleportation {unknown}
 p - a scroll of enchant weapon {unknown}
Potions
 i - a potion of agility {unknown}
 j - a potion of curing {unknown}
 m - a potion of mutation {unknown}
 n - a potion of degeneration {unknown}
Comestibles
 f - 2 rations


   Skills:
 + Level 3.1 Fighting
 + Level 4.2 Long Blades
 - Level 2.0 Throwing
 + Level 4.2 Dodging


You had 3 spell levels left.
You didn't know any spells.
Your spell library was empty.

Dungeon Overview and Level Annotations

Branches:
Dungeon (2/15)

Altars:
Fedhas
Gozag
Makhleb
Ru
Sif Muna


Innate Abilities, Weirdness & Mutations

You have a beak for a mouth.
You have claws for feet.


Message History

There is an escape hatch in the floor here.
As you open the door, it creaks loudly!
There is an open door here.
You open the door.
There is an open door here.
There is an open door here.
You open the door.
There is an open door here.
Found a blossoming altar of Fedhas.
Found a stone staircase leading down.
No target in view!
Found a burning altar of Makhleb.
No target in view!
Done exploring.
No target in view!
Done exploring.
No target in view!
Done exploring.
No target in view!
Done exploring.
Are you sure you want to abandon this character and quit the game? (Confirm with "yes".)

#.###.....###.##.#...#.##.8
#.##....................##.
#.##.......##.##.#...#.####
#.##.......##.##.......#
#.###.....###.#####.#### #.#
##........# #.# #.#
########## #.#
##.#################.#
#..##......@.......#.# #####
#.###.######.#####.#.# #....
#.# #.# #.# #.#.# #.### #.#
#.# ####.### #.#.# #.# # #.#
#.# #......###.#.###.###
#.###.###.##.#..............
#..##.....##..........######
##...........#####.....#
###......#### ##...##


There were no monsters in sight!

Vanquished Creatures
  An orc wizard (D:2)
  3 adders (D:2)
  A worm (D:2)
  2 dart slugs (D:1)
  4 bats
  2 giant cockroaches (D:2)
  3 goblins
  7 hobgoblins
  2 kobolds (D:1)
  4 frilled lizards
  4 rats
33 creatures vanquished.

Vanquished Creatures (others)
  A bat (D:1)
1 creature vanquished.

Grand Total: 34 creatures vanquished

Notes
Turn   | Place    | Note
-------+----------+-------------------------------------------
     0 | D:1      | DarkinPup the Tengu Gladiator began the quest for the Orb.
     0 | D:1      | Reached XP level 1. HP: 12/12 MP: 2/2
   145 | D:1      | Reached XP level 2. HP: 8/17 MP: 3/3
   728 | D:2      | Reached XP level 3. HP: 22/22 MP: 4/4
   822 | D:2      | Found an opulent altar of Gozag.
   906 | D:2      | Found a deep blue altar of Sif Muna.
   985 | D:2      | Found a sacrificial altar of Ru.
   994 | D:2      | Reached XP level 4. HP: 18/28 MP: 5/5
  1503 | D:2      | Found a blossoming altar of Fedhas.
  1504 | D:2      | Found a burning altar of Makhleb.
  1536 | D:2      | Quit the game

Skill      XL: |  1  2  3 |
---------------+----------+-----
Fighting       | 3 |  3.1
Long Blades    | 4 |  4.2
Dodging        | 4 |  4.2
Throwing       | |  2.0

Action                   |  1- 3 |  4- 6 || total
-------------------------+-------+-------++-------
Melee: Long sword        |    46 |     7 ||    53
       Kick              |    16 |     5 ||    21
       Peck              |     6 |     1 ||     7
 Stab: Sleeping          |     1 |     1 ||     2
  Eat: Chunk             |       |     1 ||     1
Armor: Leather armour    |    12 |       ||    12
Dodge: Dodged            |    33 |     7 ||    40
       Rpst.: Long sword |    14 |     4 ||    18
